 Dungeon Crawl Stone Soup version 0.20-a0-313-g10ed074 (webtiles) character file.

69 Leibowitz the Ducker (level 3, 0/29 HPs)
             Began as a Demigod Gladiator on Dec 20, 2016.
             Slain by Sigmund
             ... wielding a +0 scythe
              (7 damage)
             ... on level 2 of the Dungeon.
             The game lasted 00:05:57 (1472 turns).

Leibowitz the Ducker (Demigod Gladiator)            Turns: 1472, Time: 00:05:58

Health: 0/29       AC:  3    Str: 14 (18) XL:     3   Next: 75%
Magic:  5/5        EV: 12    Int: 10 (12) God:
Gold:   128        SH:  4    Dex: 14 (18) Spells: 2/2 levels left

rFire  . . .     SeeInvis .     a - +0 rapier
rCold  + . .     Gourm    .     b - +0 leather armour
rNeg   . . .     Faith    .     j - +0 buckler
rPois  .         Spirit   .     (no helmet)
rElec  .         Reflect  .     (no cloak)
rCorr  .         Harm     .     (no gloves)
MR     .....                    (no boots)
Stlth  +.........               (no amulet)
                                (no ring)
                                h - ring of protection from cold

@: no status effects
A: deterioration 1, high mp 1, regeneration 1
a: no special abilities


You were on level 2 of the Dungeon.
You were not hungry.

You visited 1 branch of the dungeon, and saw 2 of its levels.

You collected 128 gold pieces.

Inventory:

Hand Weapons
 a - a +0 rapier (weapon)
Missiles
 d - a throwing net (quivered)
 m - 12 poisoned needles
 o - 3 needles of sleeping
Armour
 b - a +0 leather armour (worn)
 c - a +0 helmet
 j - a +0 buckler (worn)
Jewellery
 h - a ring of protection from cold (left hand)
Scrolls
 i - 2 scrolls of teleportation {unknown}
 k - 2 scrolls of fog {unknown}
 p - a scroll of enchant armour {unknown}
 t - 4 scrolls of identify {unknown}
Potions
 e - a potion of heal wounds
Comestibles
 f - 2 bread rations
 g - a slice of pizza
 l - 7 fruits
 n - a beef jerky
 r - 2 chunks of flesh
 s - a meat ration


   Skills:
 + Level 2.2 Fighting
 + Level 3.1 Short Blades
 + Level 1.9 Throwing
 + Level 0.6 Armour
 * Level 3.3 Dodging
 * Level 0.8 Stealth
 * Level 0.8 Shields


You had 2 spell levels left.
You didn't know any spells.

Dungeon Overview and Level Annotations

Branches:
Dungeon (2/15)

Annotations:
D:2 Sigmund


Innate Abilities, Weirdness & Mutations

You have an increased reservoir of magic. (+10% MP)
Your body sometimes deteriorates upon taking damage.
Your natural rate of healing is unusually fast.


Message History

Press: ? - help, Shift-Dir - straight line You throw a throwing net.
Something hits you.
Throwing (i - inventory):
d - 2 throwing nets (quivered)
Press: ? - help, Shift-Dir - straight line You throw a throwing net.
Something gets caught in the net!
You hit something.
Something wriggles in the net.
You hit something but do no damage.
Something wriggles in the net.
You hit something.
Something wriggles in the net.
You hit something.
Something wriggles in the net.
You barely miss something.
Something wriggles in the net.
You hit something but do no damage.
Something wriggles in the net.
All of a sudden the net rips apart!
You barely miss something. Something hits you!
You barely miss something. Something hits you!
Your body deteriorates!
You feel clumsy.
You miss something. You hit something. Something hits you.
* * * LOW HITPOINT WARNING * * *
You miss something. Something hits you!
You die...

##....### ###.##
#.#########
#..........
########.....)..##
#(..............##
#.#####...........
#{#####.........#.
#@##............#.
#.##.##.#.........
#.##.##.#########.
#.......# ##.
####.#### #.. #.#
#.. #.. #.. ####
####### .......


There were no monsters in sight!

Vanquished Creatures
  An adder (D:2)
  2 worms (D:2)
  2 dart slugs
  3 leopard geckos (D:1)
  A giant cockroach (D:1)
  4 hobgoblins
  4 jackals (D:1)
  2 quokkas
  8 bats
  8 frilled lizards
  2 goblins (D:1)
  7 kobolds
  4 rats
48 creatures vanquished.

Notes
Turn   | Place    | Note
-------+----------+-------------------------------------------
     0 | D:1      | Leibowitz the Demigod Gladiator began the quest for the Orb.
     0 | D:1      | Reached XP level 1. HP: 17/17 MP: 3/3
   181 | D:1      | Reached XP level 2. HP: 12/24 MP: 4/4
   589 | D:1      | Gained mutation: Your body sometimes deteriorates upon taking damage. [potion of mutation]
   589 | D:1      | Gained mutation: You expend magic power (3 MP) to strengthen your wands. [potion of mutation]
   589 | D:1      | Gained mutation: You have a pair of small antennae on your head. [potion of mutation]
   666 | D:1      | Reached XP level 3. HP: 23/29 MP: 5/5
   820 | D:1      | Gained mutation: Potions and wands are less effective at restoring your health. [potion of mutation]
   820 | D:1      | Gained mutation: Your natural rate of healing is unusually fast. [potion of mutation]
  1196 | D:2      | Lost mutation: Potions and wands are less effective at restoring your health. [potion of cure mutation]
  1196 | D:2      | Lost mutation: You have a pair of small antennae on your head. [potion of cure mutation]
  1196 | D:2      | Lost mutation: You expend magic power (3 MP) to strengthen your wands. [potion of cure mutation]
  1454 | D:2      | Noticed Sigmund
  1472 | D:2      | Slain by Sigmund

Vault maps used:
D:1:      matt_arrival_los_fun, grunt_decor_clamped
D:2:      minmay_pentomino_u4, uniq_sigmund

Skill      XL: |  1  2  3 |
---------------+----------+-----
Fighting       | 2 |  2.2
Dodging        | 3 |  3.3
Short Blades   | 3 |  3.1
Throwing       | |  1.9
Armour         | |  0.6
Stealth        | |  0.8
Shields        | |  0.8

Action                   || total
-------------------------++-------
Melee: Rapier            ||   139
Throw: Throwing net      ||     2
  Use: Potion            ||    10
 Stab: Sleeping          ||     4
  Eat: Chunk             ||     2
Armor: Leather armour    ||    34
Dodge: Dodged            ||    85
Block: Buckler           ||    14
